 Seeded DCSS version 0.30.1-4-g462c640d31 (webtiles) character file.

Game seed: 5 (custom seed)

899 Kazon the Covert (level 8, 0/52 HPs)
             Began as an Octopode Brigand on Aug 31, 2023.
             Was a Follower of Dithmenos.
             Slain by an ogre zombie (16 damage)
             ... in an ossuary.
             The game lasted 00:14:48 (2804 turns).

Kazon the Covert (Octopode Brigand)                 Turns: 2804, Time: 00:14:48

Health: 0/52       AC:  1    Str: 12    XL:     8   Next: 7%
Magic:  9/9        EV: 13    Int: 13    God:    Dithmenos [*.....]
Gold:   163        SH:  7    Dex: 14    Spells: 7/7 levels left

rFire   . . .        h - +0 whip (holy)
rCold   . . .        c - +3 warlock's mirror {omnireflect}
rNeg    . . .        (helmet restricted)
rPois   .            (no amulet)
rElec   .            (no ring)
rCorr   .            (no ring)
SInv    .            (no ring)
Will    .....        (no ring)
Stlth   ++++++       (no ring)
HPRegen 0.28/turn    (no ring)
MPRegen 0.11/turn    (no ring)
                     (no ring)

%: reflection
@: wreathed by umbra
A: almost no armour, amphibious, 8 rings, camouflage 1, gelatinous body 1,
(nimble swimmer 1), tentacles
a: Renounce Religion


You were in an ossuary.
You worshipped Dithmenos.
Dithmenos was aware of your devotion.
You visited 1 branch of the dungeon, and saw 5 of its levels.
You also visited: Ossuary.

You collected 163 gold pieces.

Inventory:

Hand Weapons
 a - a +2 dagger
 e - a +2 vampiric dagger
 f - a +0 hand axe of flaming
 h - a +0 whip of holy wrath (weapon)
Missiles
 b - 18 poisoned darts
 d - 3 curare-tipped darts
 i - 3 boomerangs
 u - 14 stones (quivered)
Armour
 c - the +3 warlock's mirror (worn) {omnireflect}
   (You acquired it on level 1 of the Dungeon)

   Omnireflect: It can block and reflect piercing ranged attacks and magical
   attacks against the wielder's willpower.
Jewellery
 p - a ring of magical power
Wands
 s - a wand of paralysis (8)
Scrolls
 g - a scroll of fog {unknown}
 j - a scroll of magic mapping {unknown}
 k - a scroll of summoning {unknown}
 l - a scroll of blinking {unknown}
 m - a scroll of identify
 n - a scroll of teleportation {unknown}
 v - a scroll of torment {unknown}
 x - a scroll of fear {unknown}
Potions
 o - a potion of resistance {unknown}
 q - 2 potions of curing
 r - a potion of berserk rage {unknown}
 t - a potion of invisibility
 w - a potion of magic
 y - a potion of flight {unknown}


   Skills:
 * Level 3.3 Fighting
 + Level 3.0 Short Blades
 + Level 2.0(2.3) Axes
 + Level 1.5(2.1) Maces & Flails
 * Level 3.4 Throwing
 * Level 3.0 Dodging
 + Level 8.3 Stealth
 * Level 2.7 Shields
 * Level 2.0 Invocations
 * Level 2.0 Evocations


You had 7 spell levels left.
You didn't know any spells.
Your spell library contained the following spells:

 Spells                   Type           Power      Damage    Failure   Level
 Frozen Ramparts          Ice            0%         1d1       77%         3
 Ice Form                 Ice/Tmut       0%         N/A       99%         4
 Summon Ice Beast         Ice/Summ       0%         N/A       99%         4


Dungeon Overview and Level Annotations

Branches:
Dungeon (7/15)             Temple (0/1) D:4         Ossuary (1/1)

Altars:
Dithmenos
Fedhas
Hepliaklqana
Qazlal


Innate Abilities, Weirdness & Mutations

You cannot wear most types of armour.
You are amphibious.
You can wear up to eight rings at the same time.
Your skin changes colour to match your surroundings (Stealth+).
Your rubbery body absorbs attacks. (AC +1, EV +1)
((You are camouflaged when in or above water. (Stealth+)))
You have tentacles for arms and can constrict up to eight enemies at once.


Message History

There is an open door here.
The helpless human zombie fails to defend itself.
You spit the human zombie like a pig!!! You grab the human zombie.
The human zombie is severely damaged.
You constrict the human zombie. The human zombie hits you.
You hit the human zombie but do no damage.
The human zombie is almost destroyed.
You constrict the human zombie. The human zombie closely misses you.
You hit the human zombie. You squeeze the human zombie.
You destroy the human zombie!
Dithmenos accepts your kill. As you open the door, it creaks loudly!
An ogre zombie comes into view.
You feel the dreadful sensation subside.
Your +0 whip of holy wrath softly glows with a divine radiance!
h - a +0 whip of holy wrath (weapon)
Throw: 15 stones
Press: ? - help, Q - select action, (/) - cycle Shift-Dir - straight line, f - ogre zombie
Aim: an ogre zombie (93% to hit)
You throw a stone. The stone hits the ogre zombie.
The ogre zombie is lightly damaged.
Unknown command.
You hit the ogre zombie.
The ogre zombie convulses.
The ogre zombie is moderately damaged.
The ogre zombie hits you!
You hit the ogre zombie.
The ogre zombie convulses.
You squeeze the ogre zombie.
The ogre zombie is heavily damaged.
You hit the ogre zombie but do no damage.
The ogre zombie is heavily damaged.
The ogre zombie hits you.
You hit the ogre zombie but do no damage.
The ogre zombie is heavily damaged.
You hit the ogre zombie.
The ogre zombie convulses.
The ogre zombie is severely damaged.
The ogre zombie hits you!
You completely miss the ogre zombie.
The ogre zombie is severely damaged.
The ogre zombie hits you!
You die...

##'###'#######'#.#..#
#....#....#....#.'..#
#....#....#....###..#
#....#....#....#.#..#
#....#....#....#.#..#
################.'..#
# #... ###..# #
#....#.#..# #
#....Z@#..# #
#....#.'..# # ####
###..# #..# #..# +..#
#..# #..# ..#


You could see an ogre zombie.

Vanquished Creatures
  Sigmund (D:4)
  A black bear (D:4)
  An elf zombie (Ossuary)
  A kobold brigand (D:7)
  4 killer bees (D:7)
  A vampire bat (D:7)
  A hound (D:7)
  2 human zombies (Ossuary)
  2 ogre zombies (Ossuary)
  4 adders
  A white imp (D:7)
  A worm zombie (D:7)
  An adder zombie (Ossuary)
  3 worms
  6 orcs
  12 bats
  9 endoplasms
  A giant cockroach (D:1)
  12 goblins
  7 hobgoblins
  11 jackals
  10 kobolds
  A quokka (D:4)
  5 ball pythons
  3 frilled lizards
  2 goblin zombies (Ossuary)
  5 hobgoblin zombies
  A kobold zombie (D:7)
  3 quokka zombies (Ossuary)
  4 rats
  3 rat zombies (Ossuary)
119 creatures vanquished.

Notes
Turn   | Place    | Note
-------+----------+-------------------------------------------
     0 | D:1      | Kazon the Octopode Brigand began the quest for the Orb.
     0 | D:1      | Reached XP level 1. HP: 14/14 MP: 1/1
    42 | D:1      | Identified a scroll of acquirement
    42 | D:1      | Acquired the +3 warlock's mirror {omnireflect}
    42 | D:1      | Found the +3 warlock's mirror {omnireflect}
   110 | D:1      | Reached XP level 2. HP: 19/19 MP: 2/2
   130 | D:1      | Reached skill level 6 in Stealth
   378 | D:1      | Reached XP level 3. HP: 19/24 MP: 3/3
  1013 | D:2      | Reached XP level 4. HP: 18/29 MP: 4/4
  1123 | D:2      | Reached skill level 1 in Shields
  1359 | D:2      | Reached skill level 7 in Stealth
  1711 | D:3      | Found a blossoming altar of Fedhas.
  1728 | D:3      | Reached XP level 5. HP: 31/35 MP: 5/5
  1802 | D:3      | Found a stormy altar of Qazlal.
  1904 | D:3      | Found a faded altar of an unknown god.
  1999 | D:3      | Identified the +2 sling "Qeuhanocyt" {speed, rElec Str-3
                  | Dex+2}
  2102 | D:4      | Found a staircase to the Ecumenical Temple.
  2141 | D:4      | Noticed a black bear
  2173 | D:4      | Noticed Sigmund
  2211 | D:4      | Killed a black bear
  2225 | D:4      | Found a hazy altar of Hepliaklqana.
  2226 | D:4      | Found a shadowy altar of Dithmenos.
  2226 | D:4      | Noticed a shadow
  2234 | D:4      | Became a worshipper of Dithmenos the Shadowed
  2302 | D:4      | Killed Sigmund
  2303 | D:4      | Reached skill level 1 in Axes
  2303 | D:4      | Reached XP level 6. HP: 41/41 MP: 6/6
  2361 | D:4      | You fall into a shaft and drop 3 floors!
  2417 | D:7      | Reached skill level 1 in Evocations
  2422 | D:7      | Reached skill level 8 in Stealth
  2422 | D:7      | Reached skill level 1 in Invocations
  2544 | D:7      | Reached XP level 7. HP: 45/45 MP: 7/7
  2574 | D:7      | Reached * piety under Dithmenos
  2601 | D:7      | Found a sand-covered staircase.
  2613 | Ossuary  | Entered an ossuary
  2733 | Ossuary  | Reached XP level 8. HP: 37/52 MP: 9/9
  2771 | Ossuary  | Reached skill level 1 in Maces & Flails
  2804 | Ossuary  | Slain by an ogre zombie

Illustrated notes

Levels and vault maps discovered:
D:1:      ebering_trefoil_3fold, layout_basic, st_stairs_14, serial_bayou_ford_a
D:2:      layout_basic, hangedman_decor_growths, minmay_close_crescents
D:3:      layout_rooms, mainiacjoe_overflow_concentric_impassable,
          mainiacjoe_overflow_paths, shapermc_ecumenical_altar_acropolis,
          chequers_serial_rivers_micro_b
D:4:      layout_basic, riverfiend_overflow_shadow_ancestor,
          minmay_temple_entry_glass, uniq_sigmund
D:7:      layout_loops_ring, enter_ossuary_3, roderic_batcave
Ossuary:  ossuary_boxes_badplayer

Skill      XL: |  1  2  3  4  5  6  7  8 |
---------------+-------------------------+-----
Stealth        | 6 7 8 |  8.3
Shields        | 1 2 |  2.7
Axes           | 1 2 |  2.0
Throwing       | 3 |  3.4
Dodging        | 2 3 |  3.0
Evocations     | 1 2 |  2.0
Invocations    | 1 2 |  2.0
Fighting       | 3 |  3.3
Short Blades   | 3 |  3.0
Maces & Flails | 1 |  1.5

Action                     |  1- 3 |  4- 6 |  7- 9 || total
---------------------------+-------+-------+-------++-------
  Melee: Dagger            |    72 |   116 |    51 ||   239
         Constrict         |    15 |    25 |    15 ||    55
         Tentacles         |    10 |    18 |    17 ||    45
         Punch             |     1 |     2 |     1 ||     4
         Whip              |       |       |    38 ||    38
  Throw: Dart              |     7 |    12 |       ||    19
         Stone             |       |     8 |     1 ||     9
    Use: Scroll            |     2 |     1 |       ||     3
         Potion            |     1 |     1 |       ||     2
   Stab: Sleeping          |    12 |    11 |    14 ||    37
         Distracted        |       |     2 |       ||     2
 Armour: Skin              |       |    18 |     5 ||    23
  Dodge: Dodged            |    23 |    51 |    29 ||   103
  Block: Buckler           |    12 |    38 |    19 ||    69
         Reflection        |       |     2 |       ||     2
